Map: Honorgrounds LE

Players

Namshar - Winner!

  • Race: Zerg Zerg
  • League: Grandmaster
  • Spawn Location: 7:00

Railgan

  • Race: Zerg Zerg
  • League: Grandmaster
  • Spawn Location: 11:00

VOD

Have the link to the VOD?

Description

Time

  • Played on: March 3, 2017, 6:26 p.m.
  • Length: 10:38
Show
View Real Time Build Order
Export as new Build Order

Namshar Zerg - Winner!

Build Orders: Hatch First 

Get SALT Encoding   

  12  0:00  Drone  
  13  0:13  Overlord  
  13  0:18  Drone  
  14  0:31  Drone x2  
  14  0:35  Drone  
  17  0:53  Hatchery  
  17  0:56  Drone  
  17  1:00  Drone  
  18  1:10  Extractor  
  17  1:15  Spawning Pool  
  16  1:18  Drone  
  16  1:21  Drone  
  18  1:29  Drone  
  19  1:39  Overlord  
  19  1:50  Drone  
  20  2:01  Queen  
  20  2:02  Zergling x2  
  20  2:05  Queen  
  20  2:06  Drone  
  26  2:09  Spine Crawler  
  26  2:11  Drone  
  26  2:18  Metabolic Boost  
  26  2:21  Drone  
  27  2:25  Drone  
  27  2:27  Drone  
  29  2:35  Drone  
  30  2:47  Roach Warren  
  30  2:50  Overlord  
  29  2:54  Drone x2  
  31  3:04  Drone  
  32  3:05  Overlord  
  32  3:08  Queen  
  34  3:15  Zergling x6  
  34  3:16  Zergling x2  
  34  3:18  Zergling x2  
  39  3:20  Zergling x2  
  39  3:23  Zergling x2  
  39  3:25  Zergling x2  
  42  3:39  Drone x4  
  46  3:44  Drone x3  
  46  3:45  Drone  
  50  3:50  Lair  
  50  3:54  Evolution Chamber  
  48  4:01  Overlord  
  48  4:02  Roach  
  49  4:06  Roach  
  51  4:16  Overlord x3  
  51  4:29  Drone  
  51  4:30  Extractor x2, Zerg Missile Weapons Level 1, Drone x5  
  55  4:34  Roach  
  55  4:49  Roach x5  
  61  5:00  Roach x2  
  61  5:02  Zergling x2  
  61  5:03  Zergling x4  
  57  5:14  Roach x2  
  48  5:21  Roach  
  48  5:25  Roach, Zergling x4  
  47  5:35  Roach, Zergling x2  
  47  5:36  Roach, Zergling x2  
  48  5:45  Roach, Zergling x2  
  49  5:50  Roach, Zergling x2  
  50  6:00  Queen  
  50  6:04  Roach  
  52  6:09  Roach  
  46  6:16  Roach  
  46  6:18  Zergling x2  
  48  6:24  Roach  
  50  6:30  Roach  
  52  6:34  Queen  
  54  6:41  Roach  
  56  6:51  Roach x2  
  61  6:54  Drone  
  61  6:58  Drone  
  62  7:01  Drone  
  62  7:06  Roach  
  65  7:15  Roach  
  67  7:21  Roach x2  
  71  7:26  Roach  
  73  7:32  Drone x2  
  75  7:41  Overlord  
  75  7:44  Drone x2  
  77  7:55  Drone x2  
  79  7:59  Zerg Missile Weapons Level 2  
  79  8:10  Glial Reconstitution  
  79  8:14  Overlord  
  79  8:15  Drone  
  80  8:23  Roach x2  
  80  8:24  Roach  
  86  8:35  Roach x3  
  92  8:43  Overlord x2  
  91  9:00  Roach  
  91  9:01  Roach x3  
  99  9:07  Roach x3  
  104  9:18  Roach x2  
  104  9:22  Roach  
  104  9:23  Overlord  
  110  9:28  Roach  
  110  9:30  Roach  
  114  9:34  Overlord  
  114  9:37  Roach  
  116  9:44  Roach  
  118  9:49  Roach x2  
  122  9:59  Roach x2  
  125  10:05  Roach  
  119  10:15  Roach  
  119  10:16  Roach x2  
Show
View Real Time Build Order
Export as new Build Order

Railgan Zerg 

Build Orders: Hatch First 

Get SALT Encoding   

  12  0:01  Drone  
  13  0:13  Overlord  
  13  0:18  Drone  
  14  0:31  Drone x2  
  16  0:35  Drone  
  17  0:54  Hatchery  
  17  0:56  Drone  
  17  0:58  Drone  
  18  1:10  Extractor  
  17  1:15  Spawning Pool  
  16  1:18  Drone  
  16  1:20  Drone  
  18  1:28  Drone  
  19  1:41  Overlord  
  19  1:56  Drone  
  20  2:01  Queen  
  20  2:02  Zergling x2  
  20  2:06  Queen  
  20  2:07  Zergling x2  
  26  2:12  Drone, Metabolic Boost  
  27  2:17  Drone  
  27  2:22  Drone  
  29  2:28  Drone  
  30  2:39  Hatchery  
  29  2:47  Overlord  
  29  2:49  Drone x2  
  31  2:58  Roach Warren  
  30  3:00  Zergling x2  
  30  3:02  Zergling x2  
  32  3:06  Zergling x2  
  32  3:08  Zergling x2  
  32  3:11  Zergling x2  
  35  3:17  Zergling x2  
  35  3:18  Zergling x2  
  37  3:21  Overlord  
  36  3:38  Drone  
  36  3:40  Roach  
  36  3:41  Roach x2  
  44  3:48  Roach x3  
  44  3:51  Overlord  
  48  3:57  Roach  
  48  3:59  Roach  
  52  4:03  Roach  
  52  4:08  Roach  
  56  4:14  Roach  
  56  4:16  Roach  
  60  4:17  Roach  
  60  4:23  Overlord  
  62  4:27  Roach  
  62  4:31  Overlord  
  64  4:41  Roach  
  64  4:42  Roach  
  66  4:50  Zergling x2  
  66  4:51  Zergling x8  
  67  4:57  Zergling x2  
  63  5:05  Zergling x2  
  58  5:11  Zergling x2  
  55  5:19  Zergling x6  
  56  5:22  Zergling x2  
  56  5:26  Zergling x2  
  54  5:34  Zergling x2  
  54  5:35  Zergling x4  
  49  5:43  Zergling x2  
  49  5:47  Zergling x4  
  52  5:56  Zergling x2  
  51  5:57  Zergling x6  
  47  6:05  Zergling x4  
  47  6:08  Zergling x2  
  46  6:14  Zergling x2  
  46  6:15  Zergling x2  
  47  6:21  Drone x2  
  49  6:38  Drone  
  49  6:39  Drone x5  
  54  6:55  Drone x5  
  54  7:00  Extractor  
  58  7:02  Queen  
  58  7:06  Drone  
  61  7:12  Drone  
  61  7:14  Drone x3  
  64  7:17  Drone  
  64  7:22  Overlord  
  65  7:26  Queen  
  67  7:30  Roach  
  69  7:48  Lair  
  69  7:49  Drone  
  69  7:50  Drone, Evolution Chamber  
  70  7:53  Drone  
  70  7:54  Drone x2  
  70  7:55  Extractor  
  72  7:59  Drone x2  
  72  8:00  Roach x2  
  72  8:04  Overlord  
  77  8:08  Overlord  
  77  8:13  Overlord  
  77  8:16  Roach x2  
  81  8:20  Zerg Missile Weapons Level 1  
  81  8:22  Overlord  
  81  8:26  Drone x2  
  83  8:29  Drone  
  83  8:30  Roach  
  83  8:33  Roach  
  88  8:37  Roach  
  92  8:41  Roach x2  
  92  8:44  Roach  
  92  8:46  Roach  
  92  8:47  Roach  
  100  8:54  Glial Reconstitution  
  96  8:58  Roach x3  
  96  9:01  Roach  
  102  9:04  Roach, Zergling x2  
  102  9:05  Zergling x2  
  105  9:12  Roach x2  
  106  9:21  Drone  
  106  9:24  Extractor  
  106  9:28  Queen  
  107  9:33  Roach x3  
  107  9:35  Overlord x2  
  107  9:36  Overlord  
  107  9:38  Overlord  
  113  9:39  Overlord  
  113  9:51  Roach  
  113  9:52  Overlord  
  114  9:53  Roach x3  
  112  10:02  Roach  
  112  10:03  Roach x3  
  112  10:04  Ravager  
  108  10:08  Roach x2  
  108  10:13  Roach x2  
Tags
 
Add a new tag
Caveats
  • Supply blocks, unpowered buildings, or Contaminate may cause inaccurate times.
  • Supply counts are checked every 10 seconds.